Map: Frozen Temple

Players

llllllllllll

  • Race: Protoss Protoss
  • League: Diamond

Miszu - Winner!

  • Race: Terran Terran
  • League: Master

VOD

Have the link to the VOD?

Description

Time

  • Played on: April 13, 2016, 4:03 p.m.
  • Length: 10:01
Show
View Real Time Build Order
Export as new Build Order

llllllllllll Protoss 

Build Orders: 1 Gate Expand 

Get SALT Encoding   

  12  0:01  Probe (Chrono Boost)  
  13  0:11  Probe (Chrono Boost)  
  14  0:18  Pylon  
  14  0:22  Probe (Chrono Boost)  
  15  0:36  Probe (Chrono Boost)  
  15  0:37  Gateway  
  15  0:41  Assimilator  
  16  0:47  Probe (Chrono Boost)  
  17  0:57  Probe (Chrono Boost)  
  18  1:08  Probe (Chrono Boost)  
  19  1:18  Nexus  
  19  1:21  Probe (Chrono Boost)  
  20  1:31  Cybernetics Core  
  20  1:34  Probe (Chrono Boost)  
  21  1:44  Assimilator, Probe (Chrono Boost)  
  22  1:48  Pylon  
  22  1:55  Probe (Chrono Boost)  
  23  2:06  Probe (Chrono Boost)  
  23  2:07  Adept, Warp Gate (Chrono Boost)  
  26  2:18  Probe  
  26  2:21  Robotics Facility  
  27  2:30  Probe  
  27  2:31  Probe  
  27  2:34  Adept  
  31  2:42  Probe x2  
  33  2:52  Probe  
  33  2:54  Probe  
  35  3:03  Probe  
  36  3:06  Probe  
  36  3:09  Observer  
  38  3:13  Probe  
  38  3:14  Pylon  
  38  3:15  Gateway x2  
  40  3:21  Mothership Core  
  40  3:24  Probe  
  42  3:27  Adept  
  44  3:35  Probe  
  44  3:36  Observer  
  44  3:39  Pylon  
  46  3:42  Probe  
  46  3:45  Probe  
  48  3:54  Probe  
  49  3:56  Probe  
  49  3:58  Pylon  
  50  4:06  Probe x2  
  45  4:17  Stalker x2  
  45  4:18  Stalker, Probe  
  45  4:19  Probe  
  50  4:32  Probe x2  
  52  4:43  Stalker  
  54  4:48  Nexus  
  54  4:56  Stalker x2  
  56  5:04  Probe  
  56  5:06  Probe  
  51  5:11  Pylon  
  51  5:16  Twilight Council, Probe  
  51  5:19  Assimilator, Probe  
  51  5:20  Assimilator  
  53  5:28  Probe  
  53  5:29  Probe  
  53  5:33  Forge  
  56  5:35  Observer (Chrono Boost)  
  56  5:40  Probe x2  
  58  5:50  Probe  
  58  5:53  Probe  
  58  5:57  Charge, Immortal (Chrono Boost)  
  64  6:00  Probe  
  64  6:01  Probe  
  66  6:06  Probe  
  66  6:11  Probe  
  67  6:12  Probe  
  67  6:15  Protoss Ground Armor Level 1 (Chrono Boost)  
  69  6:19  Probe  
  69  6:21  Probe  
  69  6:23  Gateway x2  
  69  6:24  Gateway, Probe  
  71  6:31  Probe  
  71  6:32  Probe  
  73  6:35  Sentry, Probe, Zealot  
  73  6:36  Zealot  
  81  6:41  Immortal  
  81  6:43  Probe  
  81  6:44  Probe  
  87  6:53  Pylon  
  87  6:55  Mothership Core  
  87  6:56  Zealot x2  
  93  7:03  Pylon  
  93  7:05  Gateway  
  93  7:06  Gateway  
  93  7:11  Probe  
  94  7:17  Warp Prism  
  94  7:22  Templar Archives  
  96  7:24  Zealot x2  
  96  7:25  Zealot x2  
  104  7:31  Pylon  
  104  7:33  Zealot x2  
  104  7:36  Pylon  
  108  7:47  Pylon  
  108  7:52  Pylon  
  108  7:58  Pylon  
  108  7:59  Zealot x4  
  116  8:07  Pylon  
  116  8:16  Zealot x3  
  116  8:17  Zealot  
  111  8:22  Zealot x3  
  87  8:29  Immortal  
  87  8:31  Zealot  
  81  8:38  Zealot x4  
  89  8:42  Zealot x2  
  89  8:43  Zealot  
  95  8:52  Zealot  
  87  8:59  Zealot x2  
  87  9:00  Zealot x2  
  95  9:05  High Templar  
  95  9:06  High Templar x2  
  103  9:10  Archon  
  103  9:14  Zealot  
  102  9:19  Pylon  
  102  9:20  Pylon  
  102  9:21  Pylon  
  100  9:28  Nexus  
  100  9:29  Pylon  
  100  9:40  High Templar  
  100  9:42  Pylon  
  100  9:43  Pylon  
  102  9:51  Zealot  
Show
View Real Time Build Order
Export as new Build Order

Miszu Terran - Winner!

Build Orders: 1/1/1, Liberator Opening, MMM Bio 

Get SALT Encoding   

  12  0:00  SCV  
  13  0:12  SCV  
  14  0:17  Supply Depot  
  14  0:25  SCV  
  15  0:29  Refinery  
  15  0:39  SCV  
  16  0:45  Barracks  
  16  0:51  SCV  
  17  1:03  SCV  
  18  1:15  SCV  
  19  1:32  Orbital Command  
  19  1:33  Marine  
  19  1:34  Factory  
  20  1:42  Supply Depot  
  20  1:51  Marine  
  21  1:57  SCV  
  22  2:05  Supply Depot  
  22  2:08  Marine  
  22  2:10  SCV  
  24  2:18  Starport, Hellion  
  24  2:22  Refinery, SCV  
  27  2:26  Marine  
  28  2:31  Supply Depot  
  28  2:38  SCV  
  28  2:41  Hellion  
  31  2:44  Marine  
  31  2:50  SCV  
  33  2:55  Medivac  
  35  3:02  Marine, SCV  
  37  3:11  Hellion, Liberator  
  39  3:15  SCV  
  40  3:21  Barracks Reactor  
  40  3:30  SCV  
  40  3:33  Factory Tech Lab  
  44  3:38  Command Center  
  44  3:42  SCV  
  45  3:53  Supply Depot  
  45  3:54  SCV  
  40  4:27  Marine  
  40  4:28  Marine, SCV  
  39  4:34  Barracks  
  39  4:35  Barracks  
  35  4:40  SCV  
  35  4:43  Starport Reactor, Siege Tank  
  39  4:50  Orbital Command  
  40  4:52  SCV  
  40  4:56  Marine x2  
  42  5:05  SCV  
  43  5:13  Marine  
  41  5:15  Siege Tank  
  41  5:17  SCV  
  41  5:19  Marine  
  41  5:20  SCV  
  47  5:23  Refinery  
  47  5:24  Engineering Bay, Barracks Tech Lab x2  
  47  5:29  SCV  
  47  5:32  Barracks  
  47  5:33  Barracks, SCV  
  49  5:39  Medivac  
  49  5:40  Medivac  
  49  5:41  SCV  
  54  5:42  Marine  
  54  5:46  Marine, Stimpack  
  54  5:48  Marine  
  58  5:50  SCV  
  58  5:52  Terran Infantry Weapons Level 1  
  58  5:53  Marine  
  59  6:00  Supply Depot, Marine  
  59  6:04  Marine  
  60  6:05  Siege Tank  
  60  6:06  Marine  
  60  6:10  Marine, SCV  
  67  6:18  Marine  
  67  6:22  Barracks Reactor x2, Supply Depot, Marine  
  67  6:24  Marine  
  70  6:26  Combat Shields  
  70  6:28  Marine  
  71  6:36  Marine  
  71  6:38  Supply Depot  
  71  6:39  Marine  
  72  6:42  Marine  
  72  6:45  Supply Depot  
  72  6:46  Marine  
  78  6:50  Medivac  
  78  6:54  Marine, SCV x2  
  77  6:57  Marine  
  77  6:58  Refinery  
  77  6:59  Marine  
  77  7:00  Marine x3  
  85  7:01  Marine  
  85  7:02  Medivac  
  85  7:04  Marine  
  85  7:06  SCV  
  85  7:07  SCV  
  91  7:10  Supply Depot  
  91  7:11  Marine  
  91  7:13  Supply Depot  
  91  7:15  Marine  
  92  7:18  SCV  
  92  7:19  SCV  
  92  7:22  Marine x5  
  100  7:32  Siege Tank  
  100  7:36  Supply Depot  
  103  7:39  Liberator  
  103  7:46  Marine  
  103  7:49  Marine x2, Liberator  
  103  7:50  Marine, Command Center  
  103  7:51  Marine x2  
  111  8:07  Marine  
  111  8:08  Marine x2, Marauder x2  
  107  8:32  Marine x8  
  107  8:33  Hellion  
  113  8:50  Marine x6  
  113  8:52  Liberator x2  
  116  9:08  Marine  
  116  9:09  Marine x2, Marauder  
  126  9:10  Hellion  
  128  9:18  Marine  
  128  9:19  Marine x2, Marauder  
  133  9:26  Marine  
  133  9:27  Marine x2  
  136  9:35  Marauder  
  141  9:40  Marine  
Tags
 
Add a new tag
Caveats
  • Supply blocks, unpowered buildings, or Contaminate may cause inaccurate times.
  • Supply counts are checked every 10 seconds.